 Dungeon Crawl Stone Soup version 0.23.2-40-g277498a001 (webtiles) character file.

Game seed: 7443212342423548765

2548 FishyPogo the Arsonist (level 9, -6/48 HPs)
             Began as a Deep Elf Fire Elementalist on Aug 18, 2019.
             Was a Believer of Sif Muna.
             Mangled by Gastronok (22 damage)
             ... on level 8 of the Dungeon.
             The game lasted 00:31:36 (7870 turns).

FishyPogo the Arsonist (Deep Elf Fire Elementalist) Turns: 7870, Time: 00:31:36

Health: -6/48      AC:  8    Str:  5    XL:     9   Next: 30%
Magic:  24/32      EV: 18    Int: 23    God:    Sif Muna [**....]
Gold:   399        SH:  0    Dex: 16    Spells: 1/16 levels left

rFire    + . .     SeeInvis .   b - staff of power
rCold    + . .     Gourm    .   (no shield)
rNeg     + . .     Faith    .   i - +0 robe
rPois    +         Spirit   .   n - +1 helmet
rElec    +         Reflect  .   (no cloak)
rCorr    +         Harm     .   B - +0 pair of gloves
MR       +....                  e - +2 pair of boots
Stlth    ++........             (no amulet)
HPRegen  0.16/turn              g - ring of positive energy
MPRegen  0.23/turn              y - ring of protection from magic

@: resistant, hasted, very quick
A: no striking features
a: Divine Energy, Renounce Religion


You were on level 8 of the Dungeon.
You worshipped Sif Muna.
Sif Muna was pleased with you.
You were not hungry.

You visited 1 branch of the dungeon, and saw 8 of its levels.
You also visited: Bailey.

You collected 399 gold pieces.

Inventory:

Hand Weapons
 a - a +2 dagger of protection
 u - a +5 battleaxe
Missiles
 h - 140 stones (quivered)
Armour
 e - a +2 pair of boots (worn)
 i - a +0 robe (worn)
 n - a +1 helmet (worn)
 B - a +0 pair of gloves (worn)
Magical Staves
 b - an uncursed staff of power (weapon)
Jewellery
 g - a ring of positive energy (left hand)
 p - an uncursed ring of positive energy
 y - a ring of protection from magic (right hand)
 z - an uncursed ring of protection from cold
 E - an uncursed ring of resist corrosion
Wands
 s - a wand of acid (6)
 G - a wand of digging (2)
Scrolls
 f - a scroll of fear
 k - 5 scrolls of teleportation
 l - a scroll of amnesia
 v - 2 scrolls of remove curse
 w - 3 scrolls of identify
 C - a scroll of brand weapon {unknown}
 D - 2 scrolls of enchant armour
Potions
 d - a potion of magic
 j - 2 potions of ambrosia {unknown}
 m - a potion of haste
 o - a potion of might {unknown}
 q - a potion of lignification
 r - a potion of degeneration {unknown}
 t - 4 potions of curing
 A - a potion of berserk rage
 F - 2 potions of agility {unknown}
 I - a potion of invisibility {unknown}
Comestibles
 c - 12 rations


   Skills:
 - Level 2.0 Fighting
 - Level 2.0 Short Blades
 + Level 8.4 Dodging
 - Level 3.0 Stealth
 - Level 4.0 Spellcasting
 + Level 6.1 Conjurations
 * Level 9.3 Fire Magic


You had one spell level left.
You knew the following spells:

 Your Spells              Type           Power        Failure   Level  Hunger
a - Flame Tongue          Conj/Fire      #####        1%          1    None
b - Throw Flame           Conj/Fire      #####.       1%          2    #......
c - Sticky Flame          Conj/Fire      #####...     4%          4    ####...
d - Conjure Flame         Conj/Fire      #####...     1%          3    ##.....
e - Fireball              Conj/Fire      #####.....   12%         5    ######.

Your spell library contained the following spells:

 Spells                   Type           Power        Failure   Level  Hunger
 Magic Dart               Conj           ####         1%          1    None
 Animate Skeleton         Necr           N/A          11%         1    None
 Pain                     Necr           #...         11%         1    None
 Inner Flame              Hex/Fire       ####....     4%          3    ##.....
 Mephitic Cloud           Conj/Pois/Air  ##......     14%         3    ##.....
 Blink                    Tloc           N/A          16%         2    #......
 Call Imp                 Summ           #.......     16%         2    #......
 Slow                     Hex            #.......     16%         2    #......
 Regeneration             Chrm/Necr      #.........   30%         3    ##.....
 Vampiric Draining        Necr           #.........   30%         3    ##.....
 Animate Dead             Necr           N/A          71%         4    ####...


Dungeon Overview and Level Annotations

Branches:
Dungeon (8/15)             Temple (0/1) D:5
   Lair: D:8-11

Altars:
Ashenzari
Elyvilon
Fedhas
Nemelex Xobeh
Sif Muna
Trog
Uskayaw
Vehumet
Wu Jian
Xom
Zin
The Shining One

Annotations:
D:3 2 runed translucent doors, Sassenached's ghost, amateur DsWn
D:6 exclusion: cyclops
D:8 Gastronok


Message History

Gastronok is moderately wounded.
Gastronok waves his eye-stalks in wide circles.
The air twists around and strikes you!
You feel yourself speed up.
Casting: Flame Tongue (safe; 1% risk of failure)
Confirm with . or Enter, or press ? or * to list all spells.
Aiming: Flame Tongue (safe; 1% risk of failure)
Press: ? - help, Shift-Dir - straight line, f/p - Gastronok
Aim: Gastronok, wearing a +0 hat (moderately wounded, covering ground quickly)
The flame tongue hits Gastronok.
Gastronok is heavily wounded.
Casting: Flame Tongue (safe; 1% risk of failure)
Confirm with . or Enter, or press ? or * to list all spells.
Aiming: Flame Tongue (safe; 1% risk of failure)
Press: ? - help, Shift-Dir - straight line, f/p - Gastronok
Aim: Gastronok, wearing a +0 hat (heavily wounded, covering ground quickly)
The flame tongue hits Gastronok!
Gastronok is heavily wounded.
Gastronok bites you!!
You die...

......#..................#.....##
......#.......#..##.#..#.#.#.....
......####....#...#....#.#.##.##.
.........#....##..###.##.#.......
......##......##..###....####....
........(...###......########....
.......##...#*#......#...........
.......#.....##......#.#########.
......##.###.##.@......# #..#.
......##.*,,.#.w..######## #....
......*#.*,###.###.......# ###..
,....,*#...........#####.# ###.#
,,,,,,*###.#........# ### #....
,,,,,,* *,#........# #####.##.
,,,,,,* *,#......#.#####...#.##.
,,,,,,* *,#.######....##.....##.
,,,,,,****,#.,*** ####.##...####.


You could see Gastronok.

Vanquished Creatures
  A two-headed ogre (D:8)
  3 sky beasts
  An ice beast (D:8)
  A black bear (D:8)
  A necrophage (D:4)
  An ogre (D:4)
  A big kobold (D:7)
  A bullfrog (D:6)
  2 scorpions
  5 wights (D:6)
  3 howler monkeys (D:8)
  A centaur zombie (D:4)
  A bullfrog zombie (D:4)
  3 orc priests
  2 hounds
  A centaur skeleton (D:4)
  2 bullfrog skeletons (D:5)
  2 worker ants
  2 hound zombies (D:4)
  A hound skeleton (D:4)
  5 worker ant zombies (D:4)
  7 gnolls (D:2)
  9 adders
  A shadow imp (D:6)
  An ooze (D:2)
  3 adder zombies
  A worm (D:2)
  2 dart slugs (D:3)
  2 leopard geckos
  13 orcs
  3 ball pythons (D:3)
  10 giant cockroaches
  10 goblins
  12 hobgoblins
  3 jackals (D:5)
  4 quokkas
  8 bats
  5 frilled lizards
  2 giant cockroach zombies (D:4)
  A jackal skeleton (D:4)
  11 kobolds
  A leopard gecko skeleton (D:4)
  2 leopard gecko zombies (D:4)
  A quokka skeleton (D:8)
  2 quokka zombies (D:4)
  7 rats
161 creatures vanquished.

Notes
Turn   | Place    | Note
-------+----------+-------------------------------------------
     0 | D:1      | FishyPogo the Deep Elf Fire Elementalist began the quest
                  | for the Orb.
     0 | D:1      | Reached XP level 1. HP: 10/10 MP: 6/6
   172 | D:1      | Reached XP level 2. HP: 15/15 MP: 6/8
   922 | D:2      | Reached XP level 3. HP: 19/19 MP: 9/9
  1088 | D:2      | Learned a level 2 spell: Throw Flame
  1092 | D:2      | Learned a level 3 spell: Conjure Flame
  1283 | D:2      | Reached skill level 1 in Short Blades
  1370 | D:2      | Reached skill level 4 in Fire Magic
  1370 | D:2      | Reached XP level 4. HP: 22/24 MP: 3/11
  1955 | D:2      | Found a blossoming altar of Fedhas.
  2156 | D:3      | Reached XP level 5. HP: 25/28 MP: 8/12
  2287 | D:3      | Found a shimmering altar of Xom.
  2300 | D:3      | Found a shimmering altar of Xom.
  2300 | D:3      | Found a shimmering altar of Xom.
  2301 | D:3      | Found a shimmering altar of Xom.
  2301 | D:3      | Found a shimmering altar of Xom.
  2301 | D:3      | Found a shimmering altar of Xom.
  2372 | D:3      | Found a large runed translucent door.
  2372 | D:3      | Found a large runed translucent door.
  2378 | D:3      | Noticed Sassenached's ghost (amateur DsWn)
  2421 | D:3      | Found a deep blue altar of Sif Muna.
  2438 | D:3      | Became a worshipper of Sif Muna the Loreminder
  2480 | D:3      | Found a bloodstained altar of Trog.
  3341 | D:4      | Noticed a necrophage
  3398 | D:4      | Noticed an ogre
  3483 | D:4      | Reached XP level 6. HP: 22/32 MP: 0/14
  3625 | D:4      | Reached skill level 5 in Fire Magic
  3744 | D:3      | Reached skill level 5 in Dodging
  3891 | D:4      | Reached * piety under Sif Muna
  3891 | D:4      | Reached XP level 7. HP: 34/36 MP: 6/15
  4159 | D:4      | Reached skill level 6 in Fire Magic
  4315 | D:5      | Entered Level 5 of the Dungeon
  4426 | D:5      | Learned a level 4 spell: Sticky Flame
  4577 | D:5      | Found a glowing golden altar of the Shining One.
  4620 | D:5      | Found a staircase to the Ecumenical Temple.
  4799 | D:5      | Found an ornate altar of the Wu Jian Council.
  5081 | D:6      | Noticed a cyclops
  5195 | D:6      | Found a glowing silver altar of Zin.
  5199 | D:6      | Reached XP level 8. HP: 33/42 MP: 11/16
  5205 | D:6      | Found a white marble altar of Elyvilon.
  5206 | D:6      | Found a shattered altar of Ashenzari.
  5206 | D:6      | Found a radiant altar of Vehumet.
  5313 | D:6      | Reached skill level 7 in Fire Magic
  5335 | D:6      | Reached ** piety under Sif Muna
  5416 | D:6      | Reached skill level 1 in Fighting
  5654 | D:6      | Found a sparkling altar of Nemelex Xobeh.
  6203 | D:7      | Found a flagged portal.
  6224 | Bailey   | Entered a bailey
  6491 | D:7      | Learned a level 5 spell: Fireball
  7021 | D:8      | Reached skill level 5 in Conjurations
  7021 | D:8      | Reached skill level 8 in Fire Magic
  7064 | D:8      | Found a hide-covered altar of Uskayaw.
  7067 | D:8      | Noticed a +0 dagger
  7067 | D:8      | Noticed a +0 hand axe
  7407 | D:8      | Noticed Gastronok
  7607 | D:8      | Noticed a two-headed ogre
  7626 | D:8      | Killed a two-headed ogre
  7626 | D:8      | Reached skill level 9 in Fire Magic
  7626 | D:8      | Reached XP level 9. HP: 37/48 MP: 14/17
  7870 | D:8      | Mangled by Gastronok

Skill      XL: |  1  2  3  4  5  6  7  8 |
---------------+-------------------------+-----
Dodging        | 3 4 5 6 8 |  8.4
Stealth        | 3 |  3.0
Short Blades   | 1 2 |  2.0
Fire Magic     | 4 5 6 9 |  9.3
Conjurations   | 2 3 4 6 |  6.1
Spellcasting   | 4 |  4.0
Fighting       | 2 |  2.0

Action                   |  1- 3 |  4- 6 |  7- 9 || total
-------------------------+-------+-------+-------++-------
Melee: Dagger            |    34 |    96 |    60 ||   190
       Short sword       |       |       |    36 ||    36
Throw: Stone             |     5 |     8 |     1 ||    14
 Cast: Flame Tongue      |    50 |   111 |   129 ||   290
       Throw Flame       |     5 |    21 |    74 ||   100
       Conjure Flame     |     3 |     1 |     2 ||     6
       Sticky Flame      |       |       |     1 ||     1
  Use: Scroll            |       |       |    14 ||    14
       Potion            |       |       |     2 ||     2
 Stab: Sleeping          |     9 |     3 |     3 ||    15
  Eat: Chunk             |     2 |     8 |    13 ||    23
Armor: Robe              |    11 |    51 |    43 ||   105
Dodge: Dodged            |    29 |    82 |   135 ||   246
